 Dungeon Crawl Stone Soup version 0.30.1 (webtiles) character file.

Game seed: 10844877030217409199

963 safid the Chiller (level 8, -3/62 HPs)
             Began as a Merfolk Ice Elementalist on July 7, 2023.
             Was a Follower of Vehumet.
             Slain by a gnoll
             ... wielding a +0 trident
              (5 damage)
             ... in a bailey.
             The game lasted 00:09:27 (4725 turns).

safid the Chiller (Merfolk Ice Elementalist)        Turns: 4725, Time: 00:09:27

Health: -3/62      AC: 11    Str: 15    XL:     8   Next: 15%
Magic:  10/15      EV:  7    Int: 16    God:    Vehumet [*.....]
Gold:   243        SH:  0    Dex: 14    Spells: 10/17 levels left

rFire   . . .        t - +7 staff of the Meek {protect, meekguard}
rCold   . . .        (shield currently unavailable)
rNeg    . . .        a - +0 robe
rPois   .            h - +0 helmet
rElec   .            (no cloak)
rCorr   .            w - +0 pair of gloves
SInv    .            (no boots)
Will    +....        (no amulet)
Stlth   ++           o - +6 ring of strength
HPRegen 0.30/turn    p - ring of willpower
MPRegen 0.14/turn

%: no passive effects
@: ice-armoured, freezing walls, held
A: (nimble swimmer 2), mertail
a: Renounce Religion


You were in a bailey.
You worshipped Vehumet.
Vehumet was aware of your devotion.
You visited 2 branches of the dungeon, and saw 8 of its levels.
You also visited: Bailey.

You collected 243 gold pieces.

Inventory:

Hand Weapons
 s - a +1 dagger of venom
 t - the +7 staff of the Meek (weapon) {protect, meekguard}
   (You found it on level 3 of the Dungeon)
Missiles
 r - 2 throwing nets
Armour
 a - a +0 robe (worn)
 h - a +0 helmet (worn)
 w - a +0 pair of gloves (worn)
Jewellery
 o - a +6 ring of strength (left hand)
 p - a ring of willpower (right hand)
Wands
 i - a wand of iceblast (16)
 v - a wand of flame (10)
Scrolls
 c - a scroll of vulnerability {unknown}
 d - 3 scrolls of enchant weapon
 e - a scroll of noise {unknown}
 j - 5 scrolls of enchant armour
 k - a scroll of magic mapping {unknown}
 n - 2 scrolls of teleportation
 u - a scroll of blinking {unknown}
Potions
 b - a potion of magic
 f - 2 potions of haste
 g - a potion of flight {unknown}
 l - 2 potions of berserk rage
 m - a potion of invisibility {unknown}
 q - a potion of mutation {unknown}


   Skills:
 + Level 5.3 Fighting
 - Level 4.0 Dodging
 - Level 2.1 Stealth
 + Level 5.1 Spellcasting
 + Level 7.0 Ice Magic


You had 10 spell levels left.
You knew the following spells:

 Your Spells              Type           Power      Damage    Failure   Level
a - Freeze                Ice            100%       1d10      1%          1
b - Frozen Ramparts       Ice            52%        1d8       2%          3
c - Ozocubu's Armour      Ice            26%        N/A       2%          3

Your spell library contained the following spells:

 Spells                   Type           Power      Damage    Failure   Level
 Shock                    Conj/Air       16%        1d4       16%         1
 Magic Dart               Conj           16%        1d3       16%         1
 Call Imp                 Summ           8%         N/A       22%         2
 Summon Ice Beast         Ice/Summ       15%        N/A       34%         4
 Mephitic Cloud           Conj/Pois/Air  4%         N/A       41%         3


Dungeon Overview and Level Annotations

Branches:
Dungeon (8/15)             Temple (1/1) D:4          Bailey (1/1)
   Lair: D:8-11

Altars:
Elyvilon
Fedhas
Makhleb
Nemelex Xobeh
Okawaru
Ru
Sif Muna
Uskayaw
Vehumet
Wu Jian

Annotations:
D:4 3 runed translucent doors, GloriousHammer's ghost, amateur HOMo


Innate Abilities, Weirdness & Mutations

((You are very nimble when in or above water. (Stealth+, EV+, Speed+++)))
Your lower body shifts to a powerful aquatic tail in water.


Message History

The wall freezes the gnoll sergeant but does no damage.
The gnoll sergeant barely misses you.
Unknown command.
Unknown command.
You struggle against the net.
The gnoll hits you but does no damage.
The wall freezes the gnoll.
The gnoll hits you but does no damage.
The wall freezes the gnoll bouda but does no damage.
The gnoll bouda barely misses you.
The wall freezes the gnoll sergeant.
The gnoll sergeant hits you but does no damage.
Unknown command.
You struggle against the net.
The gnoll hits you but does no damage.
The wall freezes the gnoll but does no damage.
The gnoll hits you but does no damage.
The wall freezes the gnoll bouda.
The gnoll bouda closely misses you.
The wall freezes the gnoll sergeant.
The gnoll sergeant hits you but does no damage.
Unknown command.
You struggle against the net.
The gnoll hits you from afar with a +0 trident.
The wall freezes the gnoll.
You kill the gnoll!
Vehumet accepts your kill.
The wall freezes the gnoll bouda.
The gnoll bouda prays to its god.
The gnoll bouda is healed somewhat.
The wall freezes the gnoll sergeant.
The gnoll sergeant barely misses you.
Casting: Frozen Ramparts (dangerous; 2% risk of failure)
Confirm with . or Enter, or press ? or * to list all spells.
A film of ice covers your body!
The gnoll hits you from afar with a +0 trident.
* * * LOW HITPOINT WARNING * * *
The wall freezes the gnoll bouda.
The gnoll bouda hits you from afar with a +0 trident!
* * * LOW HITPOINT WARNING * * *
The wall freezes the gnoll sergeant but does no damage.
The gnoll sergeant hits you with a +0 halberd.
* * * LOW HITPOINT WARNING * * *
The gnoll shouts!
The gnoll is no longer moving quickly.
The gnoll hits you from afar with a +0 trident.
You die...

♣≈≈...#############...≈≈♣♣
♣≈...## ###..≈.♣ ♣≈..## #..≈.♣♣
♣≈..# #..≈..♣♣ ♣≈..# ####
#..≈...♣ ♣≈..# ##...# #..≈...♣
♣≈.)##+###.....######..≈...♣♣
♣≈..)...#...$.g.#g..'......)♣♣♣#
♣≈......+...8.g.@...'......)".∩#
♣≈......#.g.$.).#...'......)♣♣♣#
♣≈..##+###.....######..≈...♣♣
♣≈..# ##...# #..≈..♣♣ ♣≈..# ####
#..≈..♣ ♣≈..# #..≈..♣ ♣≈..##
#..≈.♣♣ ♣≈...## ###..≈.♣
♣≈≈...#############...≈≈♣♣


You could see a gnoll sergeant (swift), a gnoll bouda and 2 gnolls.

Vanquished Creatures
  An ogre (D:4)
  A centaur (D:5)
  A bullfrog (D:8)
  A scorpion (D:6)
  2 hounds (Bailey)
  3 orc priests
  2 gnoll boudas
  Terence (D:2)
  4 orc wizards
  4 iguanas
  An adder (D:4)
  11 gnolls
  An ufetubus (D:4)
  A worm (D:4)
  A dart slug (D:1)
  17 orcs
  9 bats
  7 endoplasms
  4 giant cockroaches
  6 goblins
  8 hobgoblins
  4 jackals (D:4)
  9 quokkas
  8 ball pythons
  2 frilled lizards (D:1)
  3 kobolds
  5 rats
117 creatures vanquished.

Notes
Turn   | Place    | Note
-------+----------+-------------------------------------------
     0 | D:1      | safid the Merfolk Ice Elementalist began the quest for the
                  | Orb.
     0 | D:1      | Reached XP level 1. HP: 13/13 MP: 3/3
   281 | D:1      | Reached XP level 2. HP: 19/20 MP: 1/5
   340 | D:1      | Reached skill level 1 in Fighting
   812 | D:1      | Reached XP level 3. HP: 26/26 MP: 6/6
  1222 | D:2      | Noticed Terence
  1228 | D:2      | Killed Terence
  1237 | D:2      | Learned a level 3 spell: Frozen Ramparts
  1241 | D:2      | Learned a level 3 spell: Ozocubu's Armour
  1367 | D:2      | Reached XP level 4. HP: 33/33 MP: 8/8
  1438 | D:2      | Reached skill level 5 in Ice Magic
  2017 | D:3      | Found a white marble altar of Elyvilon.
  2158 | D:3      | Found a faded altar of an unknown god.
  2393 | D:3      | Found an ornate altar of the Wu Jian Council.
  2481 | D:3      | Found the +7 staff of the Meek {protect, meekguard}
  2491 | D:3      | Reached XP level 5. HP: 15/39 MP: 0/9
  2847 | D:4      | Found a runed translucent gate.
  2867 | D:4      | Found a runed translucent gate.
  2873 | D:4      | Found a runed translucent gate.
  2876 | D:4      | Noticed GloriousHammer's ghost (amateur HOMo)
  3044 | D:4      | Found a hide-covered altar of Uskayaw.
  3253 | D:4      | Noticed an ogre
  3261 | D:4      | Killed an ogre
  3262 | D:4      | Reached XP level 6. HP: 48/48 MP: 5/11
  3353 | D:4      | Found a staircase to the Ecumenical Temple.
  3357 | Temple   | Entered the Ecumenical Temple
  3361 | Temple   | Became a worshipper of Vehumet
  3562 | D:5      | Entered Level 5 of the Dungeon
  3576 | D:5      | Reached skill level 6 in Ice Magic
  3630 | D:5      | Reached XP level 7. HP: 33/54 MP: 5/13
  3858 | D:5      | Found an iron altar of Okawaru.
  3894 | D:5      | Found a burning altar of Makhleb.
  4150 | D:5      | Found a blossoming altar of Fedhas.
  4283 | D:6      | You fall into a shaft and drop 2 floors!
  4358 | D:8      | Reached * piety under Vehumet
  4358 | D:8      | Offered knowledge of Shock by Vehumet.
  4395 | D:8      | Found a flagged portal.
  4402 | D:8      | Reached skill level 5 in Fighting
  4431 | Bailey   | Entered a bailey
  4451 | Bailey   | Reached XP level 8. HP: 29/62 MP: 7/15
  4466 | Bailey   | Reached skill level 5 in Spellcasting
  4471 | Bailey   | Reached skill level 7 in Ice Magic
  4724 | Bailey   | HP: 2/62 [gnoll sergeant/+0 halberd (3)]
  4725 | Bailey   | Slain by a gnoll

Illustrated notes

Levels and vault maps discovered:
D:1:      ncdulo_watergridlock, layout_loops_ring, minmay_hedge_maze,
          kennysheep_boxes
D:2:      layout_basic, uniq_terence
D:3:      layout_rooms, mainiacjoe_overflow_boulevard, nzn_wu_jian_council_hall,
          nicolae_ecumenical_snake_handling, pf_guarded_unrand_meek
D:4:      layout_cave_pools, nicolae_uskayaw_murder_on_the_dancefloor,
          minmay_temple_entry_glassed_door, ebering_ghost_rock_garden,
          solitary_fountain
D:5:      layout_cave_pools, bloody_makhleb, mainiacjoe_overflow_big_doors
D:6:      minmay_inner_zag, layout_loops_ring, overflow_temple_1_default,
          serial_bayou_crossing
D:8:      layout_basic, lightli_bailey_entry_fortress, serial_bayou_lagoon_a,
          uniq_maurice
Temple:   zaba_magenta_temple
Bailey:   bailey_polearm_gnolls_kennysheep, bailey

Skill      XL: |  1  2  3  4  5  6  7  8 |
---------------+-------------------------+-----
Fighting       | 1 2 3 4 5 |  5.3
Ice Magic      | 5 6 7 |  7.0
Spellcasting   | 3 4 5 |  5.1
Dodging        | 3 4 |  4.0
Stealth        | |  2.1

Action                     |  1- 3 |  4- 6 |  7- 9 || total
---------------------------+-------+-------+-------++-------
  Melee: Unarmed           |     8 |       |       ||     8
         Hand axe          |    18 |    18 |       ||    36
         Quarterstaff      |       |    50 |    66 ||   116
         Tailslap          |       |       |     1 ||     1
   Cast: Freeze            |    35 |    33 |     2 ||    70
         Frozen Ramparts   |       |     9 |     7 ||    16
         Ozocubu's Armour  |       |     3 |     8 ||    11
    Use: Scroll            |       |       |     6 ||     6
         Potion            |       |       |     1 ||     1
   Stab: Sleeping          |     4 |     2 |       ||     6
 Armour: Robe              |    16 |    27 |    66 ||   109
  Dodge: Dodged            |    43 |    66 |    87 ||   196
